 Dungeon Crawl Stone Soup version 0.14.0-25-g43f8a4e (console) character file.

260 Garrluk the Practitioner (level 3, -10/30 HPs)
             Began as a Deep Dwarf Healer on Apr 24, 2014.
             Was a Believer of Elyvilon.
             Mangled by an ogre
             ... wielding a +0,+0 giant club
              (18 damage)
             ... on Level 5 of the Dungeon.
             The game lasted 00:08:23 (2376 turns).

Garrluk the Practitioner (Deep Dwarf Healer)        Turns: 2376, Time: 00:08:23

HP -10/30        AC  6     Str 16      XL: 3   Next: 67%
MP   6/7         EV  8     Int 12      God: Elyvilon [**....]
Gold 205         SH 24     Dex 17      Spells:  0 memorised,  2 levels left

rFire  + . .     SeeInvis .     l - +1 dagger
rCold  + . .     Clarity  +     q - +0 scale mail
rNeg   . . .     Conserve .     m - +2 large shield
rPois  +         rCorr    .     (no helmet)
rElec  +         rRot     .     (no cloak)
SustAb . .       Spirit   .     (no gloves)
rMut   .         Warding  .     (no boots)
Saprov . . .     Stasis   .     k - amulet of clarity
MR     .....                    (no ring)
                                n - ring of flight

@: non-regenerating, agile, very slightly contaminated, hasted, very quick, not
resistant to hostile enchantments, very unstealthy
A: damage resistance, recharge devices, sense surroundings 1, slow healing 3
a: Device Recharging, Lesser Healing, Lesser Self-Healing, Divine Protection,
Purification, Renounce Religion, Evoke Flight


You were on level 5 of the Dungeon.
You worshipped Elyvilon.
Elyvilon was pleased with you.
You were not hungry.

You visited 1 branch of the dungeon, and saw 5 of its levels.

You collected 205 gold pieces.

Inventory:

Hand weapons
 l - a +1,+1 dagger (weapon)
Armour
 a - a +1 robe
 m - a +2 large shield (worn)
 q - a +0 scale mail (worn)
Magical devices
 d - a wand of heal wounds (3)
Comestibles
 f - 3 bread rations
 o - a meat ration
Scrolls
 i - 3 scrolls of teleportation
Jewellery
 k - an amulet of clarity (around neck)
 n - a ring of flight (left hand)
Potions
 b - 3 potions of curing
 c - a potion of heal wounds
 e - a potion of haste
 h - a potion of resistance


   Skills:
 - Level 0.8 Fighting
 - Level 2.1 Dodging
 * Level 6.0 Invocations


You had 2 spell levels left.
You didn't know any spells.

Dungeon Overview and Level Annotations

Branches:
Dungeon (5/15)
 Temple: D:4-7

Altars:
Makhleb
Vehumet
Zin

Annotations:
D:4 Sigmund


Innate Abilities, Weirdness & Mutations

You are resistant to damage.
You can recharge devices by infusing magical energy.
You passively map a small area around you.
You do not heal naturally.


Message History

The ogre is moderately wounded.
The ogre completely misses you.
You hit the ogre but do no damage.
The ogre is moderately wounded.
Use which ability? (? or * to list)
Press: ? - help, Dir - move target cursor, f/p - ogre Heal: an ogre, wielding a giant club (moderately wounded)
The ogre is completely unfazed by your meager offer of peace.
You feel somewhat more hungry. The ogre hits you with a giant club.
* * * LOW HITPOINT WARNING * * *
Use which ability? (? or * to list)
Okay, then.
Unknown command.
You hit the ogre but do no damage.
The ogre is moderately wounded.
You hit the ogre.
The ogre is moderately wounded.
The ogre hits you with a giant club!
Ouch! That really hurt!
You die...

..., * ,
#....# *
#....# #....#
#....# .. *
#....###... *
*
#...........
*
#............
,, *
#.<..........
,
#..........#
*
#...@......#
,
#..>O......#
#..........#
*
#..........#
#..........#
#..........#
#....####..#
#....# ....
....# ,.. ,,
, ... . * *


You could see an ogre.

Vanquished Creatures
  3 giant geckos
  An orc (D:2)
  A bat (D:3)
  A giant cockroach (D:2)
  5 goblins
  5 hobgoblins
  2 giant newts
  3 kobolds
  4 rats
25 creatures vanquished.

Vanquished Creatures (others)
  An orc (D:2)
  A bat (D:1)
  A kobold (D:2)
3 creatures vanquished.

Grand Total: 28 creatures vanquished

Notes
Turn   | Place    | Note
--------------------------------------------------------------
     0 | D:1      | Garrluk, the Deep Dwarf Healer, began the quest for the Orb.
     0 | D:1      | Reached XP level 1. HP: 16/16 MP: 2/2
   210 | D:1      | Reached skill level 4 in Invocations
   383 | D:1      | Reached XP level 2. HP: 24/24 MP: 4/4
   812 | D:2      | Reached skill level 5 in Invocations
  1232 | D:2      | Found a radiant altar of Vehumet.
  1232 | D:2      | Found a glowing silver altar of Zin.
  1429 | D:3      | Reached XP level 3. HP: 20/30 MP: 6/6
  1774 | D:3      | Found a burning altar of Makhleb.
  2232 | D:4      | Noticed an ogre
  2316 | D:4      | Reached skill level 6 in Invocations
  2342 | D:4      | Noticed Sigmund
  2348 | D:4      | Paralysed by a giant eyeball for 3 turns
  2353 | D:5      | Entered Level 5 of the Dungeon
  2360 | D:5      | Noticed an ogre
  2376 | D:5      | Mangled by an ogre

Action                   || total
-------------------------++-------
Melee: Unarmed           ||    14
       Dagger            ||   193
Invok: Lesser Healing    ||    44
Evoke: Wand              ||     2
  Use: Scroll            ||     7
       Potion            ||     8
 Stab: Sleeping          ||     1
